 Dungeon Crawl Stone Soup version 0.26.0-16-gc1dbca0489 (webtiles) character file.

Game seed: 17910338755265469232

103 Sarudalf the Shooter (level 4, -3/25 HPs)
             Began as a Deep Elf Arcane Marksman on Jan 21, 2021.
             Killed by divine providence
             ... invoked by an orc priest
              (15 damage)
             ... on level 2 of the Dungeon.
             The game lasted 00:33:20 (2831 turns).

Sarudalf the Shooter (Deep Elf Arcane Marksman)     Turns: 2831, Time: 00:33:20

Health: -3/25      AC:  2    Str:  8    XL:     4   Next: 51%
Magic:  8/9        EV: 13    Int: 18    God:
Gold:   99         SH:  0    Dex: 15    Spells: 4/7 levels left

rFire    . . .     SeeInvis .   f - +0 dagger
rCold    . . .     Faith    .   (no shield)
rNeg     . . .     Spirit   .   e - +0 robe
rPois    .         Reflect  .   (no helmet)
rElec    .         Harm     .   (no cloak)
rCorr    .         Rampage  .   (no gloves)
Will     .....                  (no boots)
Stlth    +.........             (no amulet)
HPRegen  0.08/turn              (no ring)
MPRegen  0.11/turn              (no ring)

@: no status effects
A: no striking features
a: no special abilities


You were on level 2 of the Dungeon.
You visited 1 branch of the dungeon, and saw 3 of its levels.

You collected 99 gold pieces.

Inventory:

Hand Weapons
 a - a +0 shortbow
 f - a +0 dagger (weapon)
Missiles
 d - 36 arrows
Armour
 e - a +0 robe (worn)
Jewellery
 c - an uncursed ring of protection from cold {unknown}
Scrolls
 b - a scroll of enchant weapon {unknown}
 g - 3 scrolls of teleportation {unknown}
 i - 2 scrolls of enchant armour {unknown}
 j - 5 scrolls of identify {unknown}
 l - a scroll of blinking {unknown}
 m - a scroll of amnesia {unknown}
 n - a scroll of fear {unknown}
 p - a scroll of remove curse {unknown}
Potions
 h - a potion of invisibility {unknown}
 k - a potion of might {unknown}
 o - a potion of degeneration {unknown}


   Skills:
 - Level 1.0 Fighting
 * Level 5.4 Bows
 - Level 3.0 Dodging
 - Level 2.0 Spellcasting
 + Level 4.6 Hexes


You had 4 spell levels left.
You knew the following spells:

 Your Spells              Type           Power        Failure   Level
a - Corona                Hex            20%          2%          1
b - Slow                  Hex            18%          4%          2

Your spell library contained the following spells:

 Spells                   Type           Power        Failure   Level
 Inner Flame              Hex/Fire       10%          22%         3
 Portal Projectile        Hex/Tloc       20%          22%         3
 Cause Fear               Hex            9%           26%         4
 Leda's Liquefaction      Hex/Erth       5%           56%         4


Dungeon Overview and Level Annotations

Branches:
Dungeon (3/15)

Altars:


Message History

The orc priest closely misses you.
The orc priest looks satisfied for a moment.
The orc priest stops glowing.
You closely miss the orc priest.
The orc priest hits you but does no damage.
You hit the orc priest.
The orc priest is lightly wounded.
The orc priest closely misses you.
You hit the orc priest but do no damage.
The orc priest is lightly wounded.
The orc priest begins to cast a cantrip, but forgets the words!
You hit the orc priest but do no damage.
The orc priest is lightly wounded.
The orc priest barely misses you.
You hit the orc priest.
The orc priest is moderately wounded.
The orc priest calls down the wrath of Beogh upon you.
Beogh smites you!
Ouch! That really hurt!
You die...

.........)................#.#.#
##.############...........#.#.#
##.# #...........#...# #.#
#####..####...### ##.#
#..##....### ...# #..##.#....#
.### ##.........##### .#
#####..####......... .#
#..@ow.####......... .#
########.###J.##...#.......
.######.........J>..[...##.......
......#..........#..##........).(
...................(.............
.###.###.........#.##..#...######
.................#.##....#..#
##.#####....(......##..#.##.# #.#
#....(.....##..##.##.###


You could see a worm, an orc priest and an ooze.

Vanquished Creatures
  5 adders
  A worm (D:2)
  A dart slug (D:1)
  3 leopard geckos
  4 orcs
  5 giant cockroaches
  A goblin (D:3)
  8 hobgoblins
  A ball python (D:1)
  4 bats
  5 frilled lizards
  5 kobolds
  5 rats
48 creatures vanquished.

Notes
Turn   | Place    | Note
-------+----------+-------------------------------------------
     0 | D:1      | Sarudalf the Deep Elf Arcane Marksman began the quest for
                  | the Orb.
     0 | D:1      | Reached XP level 1. HP: 11/11 MP: 5/5
   199 | D:1      | Reached skill level 1 in Fighting
   401 | D:1      | Reached skill level 3 in Bows
   401 | D:1      | Reached XP level 2. HP: 10/16 MP: 7/7
  1117 | D:2      | Reached skill level 4 in Bows
  1117 | D:2      | Reached XP level 3. HP: 9/20 MP: 8/8
  1417 | D:1      | Learned a level 2 spell: Slow
  1474 | D:1      | HP: 1/20 [poisoned by an adder]
  1830 | D:2      | Reached XP level 4. HP: 25/25 MP: 9/9
  1887 | D:2      | Reached skill level 5 in Bows
  2831 | D:2      | Killed from afar by an orc priest

Illustrated notes

Levels and vault maps discovered:
D:1:      matt_arrival_los_fun, layout_basic
D:2:      layout_rooms
D:3:      layout_rooms, nicolae_ru_great_annihilating_truth,
          portal_sewer_entry_f, serial_glass, glass_columns_a, glass_columns_a,
          due_unseen_surprise, feat_on_display, item_on_display_a,
          item_on_display_a, grunt_ministairs_6, uniq_robin

Skill      XL: |  1  2  3  4 |
---------------+-------------+-----
Fighting       | 1 |  1.0
Spellcasting   | 2 |  2.0
Bows           | 3 4 5 |  5.4
Dodging        | 3 |  3.0
Hexes          | |  4.6

Action                   |  1- 3 |  4- 6 || total
-------------------------+-------+-------++-------
Melee: Dagger            |    13 |    13 ||    26
 Fire: Shortbow          |    92 |    64 ||   156
 Cast: Corona            |    11 |    17 ||    28
       Slow              |       |    13 ||    13
  Use: Potion            |     3 |       ||     3
 Stab: Sleeping          |     1 |       ||     1
Armor: Robe              |     7 |     3 ||    10
       Skin              |    23 |       ||    23
Dodge: Dodged            |    35 |    19 ||    54
